Map: Hardwire LE

Players

Maplez

  • Race: Protoss Protoss
  • League: Grandmaster

MCanning - Winner!

  • Race: Protoss Protoss
  • League: Grandmaster

VOD

Have the link to the VOD?

Description

Time

  • Played on: March 10, 2022, 3:20 a.m.
  • Length: 5:44
Show
View Real Time Build Order
Export as new Build Order

Maplez Protoss 

Build Orders: Oracle Opening, Blink Stalkers 

Get SALT Encoding   

  12  0:00  Probe  
  13  0:12  Probe  
  14  0:17  Pylon  
  14  0:24  Probe (Chrono Boost)  
  16  0:37  Probe (Chrono Boost)  
  16  0:38  Gateway  
  16  0:43  Probe (Chrono Boost)  
  16  0:46  Assimilator  
  17  0:51  Probe  
  18  0:57  Assimilator  
  18  1:03  Probe (Chrono Boost)  
  19  1:08  Gateway  
  19  1:13  Probe (Chrono Boost)  
  19  1:18  Probe (Chrono Boost)  
  21  1:26  Cybernetics Core  
  21  1:30  Probe  
  22  1:38  Pylon  
  22  1:42  Probe  
  23  1:57  Probe  
  23  2:01  Warp Gate (Chrono Boost)  
  24  2:03  Stalker  
  24  2:04  Sentry  
  28  2:09  Pylon  
  28  2:13  Probe  
  29  2:27  Oracle  
  29  2:29  Pylon  
  29  2:44  Nexus  
  29  2:47  Sentry  
  29  2:48  Probe  
  32  2:54  Sentry  
  34  3:00  Probe  
  34  3:01  Twilight Council  
  35  3:10  Shield Battery  
  36  3:12  Probe  
  36  3:17  Pylon  
  36  3:24  Probe  
  37  3:30  Forge  
  37  3:37  Blink (Chrono Boost), Probe (Chrono Boost)  
  38  3:50  Probe (Chrono Boost)  
  38  3:55  Stalker  
  41  3:58  Stalker  
  44  4:02  Probe (Chrono Boost)  
  44  4:04  Probe (Chrono Boost)  
  45  4:16  Probe (Chrono Boost)  
  47  4:17  Probe (Chrono Boost)  
  47  4:23  Probe  
  47  4:25  Pylon  
  47  4:26  Probe  
  47  4:28  Stalker  
  51  4:31  Stalker  
  51  4:35  Probe  
  54  4:39  Probe  
  55  4:47  Probe  
  55  4:51  Nexus  
  56  4:53  Probe  
  56  4:59  Robotics Facility  
  57  5:00  Probe  
  57  5:05  Probe  
  59  5:08  Adept  
  59  5:10  Adept  
  59  5:12  Probe  
  59  5:13  Assimilator  
  64  5:19  Probe  
  65  5:23  Pylon  
  65  5:27  Probe  
  66  5:29  Shield Battery  
  66  5:32  Stalker x2  
Show
View Real Time Build Order
Export as new Build Order

MCanning Protoss - Winner!

Build Orders: Dark Templar Rush 

Get SALT Encoding   

  12  0:00  Probe  
  13  0:12  Probe  
  14  0:17  Pylon  
  14  0:24  Probe  
  15  0:36  Probe (Chrono Boost)  
  15  0:37  Gateway  
  16  0:47  Assimilator  
  16  0:48  Probe (Chrono Boost)  
  17  0:52  Probe (Chrono Boost)  
  17  0:56  Assimilator  
  18  1:03  Probe  
  19  1:09  Gateway  
  19  1:15  Probe  
  20  1:25  Cybernetics Core  
  20  1:28  Probe (Chrono Boost)  
  21  1:38  Probe (Chrono Boost)  
  21  1:39  Pylon  
  22  1:43  Probe (Chrono Boost)  
  23  1:57  Probe  
  24  2:01  Stalker  
  24  2:02  Sentry  
  24  2:04  Warp Gate  
  28  2:09  Probe  
  28  2:13  Pylon  
  29  2:22  Probe  
  30  2:31  Stalker  
  30  2:34  Sentry  
  34  2:53  Nexus  
  34  3:02  Twilight Council  
  34  3:08  Probe (Chrono Boost)  
  35  3:13  Pylon  
  35  3:19  Stalker x2  
  36  3:20  Probe (Chrono Boost)  
  36  3:27  Probe (Chrono Boost)  
  39  3:34  Probe (Chrono Boost)  
  39  3:39  Dark Shrine  
  40  3:46  Probe (Chrono Boost)  
  41  3:53  Probe (Chrono Boost)  
  40  3:56  Shield Battery  
  41  4:03  Probe (Chrono Boost)  
  41  4:06  Probe (Chrono Boost)  
  41  4:08  Sentry  
  44  4:16  Probe (Chrono Boost)  
  46  4:17  Probe (Chrono Boost)  
  46  4:18  Forge  
  46  4:21  Probe (Chrono Boost)  
  47  4:25  Pylon  
  47  4:30  Probe (Chrono Boost)  
  47  4:31  Stalker  
  51  4:32  Probe (Chrono Boost)  
  51  4:37  Probe (Chrono Boost), Assimilator  
  52  4:39  Probe (Chrono Boost)  
  53  4:47  Probe  
  53  4:49  Probe  
  55  4:55  Dark Templar  
  55  4:59  Probe  
  58  5:01  Probe  
  58  5:05  Nexus  
  59  5:14  Dark Templar  
  59  5:19  Gateway  
  59  5:20  Gateway  
  61  5:23  Probe x2  
  61  5:28  Pylon  
  63  5:30  Dark Templar  
  65  5:41  Photon Cannon  
Tags
 
Add a new tag
Caveats
  • Supply blocks, unpowered buildings, or Contaminate may cause inaccurate times.
  • Supply counts are checked every 10 seconds.